 Dungeon Crawl Stone Soup version 0.27-a0-46-g34d46f0a3f (webtiles) character file.

Game seed: 18035540865731928684

10628 Borgoz the Carver (level 11, 0/80 (81) HPs)
             Began as a Halfling Fighter on Jan 7, 2021.
             Was a High Priest of Okawaru.
             Slain by a soul eater (1 damage)
             ... summoned by a kobold demonologist
             ... on level 11 of the Dungeon.
             The game lasted 00:20:15 (11257 turns).

Borgoz the Carver (Halfling Fighter)               Turns: 11257, Time: 00:20:15

HP:   0/80 (81)     AC: 14    Str: 19    XL:     11   Next: 96%
MP:   13/13         EV: 11    Int:  6    God:    Okawaru [*****.]
Gold: 651           SH: 13    Dex: 22    Spells: 8/10 levels left

rFire    . . .     SeeInvis .   a - +2 scimitar
rCold    . . .     Faith    .   c - +0 kite shield
rNeg     . . .     Spirit   .   w - +0 troll leather armour {Purgy}
rPois    .         Reflect  .   h - +0 helmet
rElec    .         Harm     .   r - +0 cloak
rCorr    .         Rampage  .   f - +1 pair of gloves
Will     .....                  (no boots)
Stlth    ++........             (no amulet)
HPRegen  0.63/turn              H - +6 ring of dexterity
MPRegen  0.13/turn              d - +4 ring of protection (curse)

@: berserk cooldown, slowed, lightly drained, very slow
A: small, mutation resistance 1
a: Renounce Religion, Heroism, Finesse


You were on level 11 of the Dungeon.
You worshipped Okawaru.
Okawaru was extremely pleased with you.
You visited 2 branches of the dungeon, and saw 12 of its levels.
You also visited: Sewer and Ossuary.

You collected 651 gold pieces.

Inventory:

Hand Weapons
 a - a +2 scimitar (weapon)
Armour
 c - a +0 kite shield (worn)
 f - a +1 pair of gloves (worn)
 h - a +0 helmet (worn)
 r - a +0 cloak (worn)
 w - a +0 troll leather armour (worn) {Purgy}
 C - the +3 ring mail of Cijicall {Will+ Dex-3 Slay+3}
   (You found it on level 7 of the Dungeon)

   It affects your dexterity (-3).
   It affects your accuracy and damage with ranged weapons and melee attacks
   (+3).
   It affects your willpower, your defense against some magical effects.
 D - a +0 ring mail of cold resistance
Jewellery
 b - an uncursed ring of see invisible
 d - a cursed +4 ring of protection (right hand)
 m - a +6 ring of dexterity
 n - an uncursed ring of resist corrosion
 H - a +6 ring of dexterity (left hand)
Wands
 t - a wand of enslavement (8)
 y - a wand of disintegration (9)
 E - a wand of iceblast (8)
 F - a wand of random effects (17)
 J - a wand of paralysis (6)
Scrolls
 e - 5 scrolls of remove curse
 g - 3 scrolls of amnesia
 o - 4 scrolls of blinking
 s - 3 scrolls of fog
 v - 5 scrolls of teleportation
 A - a scroll of fear
 G - 3 scrolls of enchant weapon
 I - 3 scrolls of identify
 K - a scroll of magic mapping
Potions
 i - 5 potions of ambrosia
 j - 3 potions of curing
 k - 2 potions of flight
 l - 2 potions of brilliance
 p - 3 potions of mutation
 q - 2 potions of resistance
 u - a potion of berserk rage
 x - 2 potions of cancellation
 z - a potion of heal wounds
 B - 3 potions of haste


   Skills:
 * Level 9.8 Fighting
 * Level 10.4 Long Blades
 + Level 8.8 Armour
 + Level 8.6 Shields
 + Level 3.5 Invocations


You had 8 spell levels left.
You knew the following spells:

 Your Spells              Type           Power        Failure   Level
a - Blink                 Tloc           N/A          95%         2

Your spell library contained the following spells:

 Spells                   Type           Power        Failure   Level
 Animate Skeleton         Necr           0%           88%         1
 Apportation              Tloc           0%           88%         1
 Corona                   Hex            0%           88%         1
 Magic Dart               Conj           0%           88%         1
 Summon Small Mammal      Summ           0%           88%         1
 Call Imp                 Summ           0%           95%         2
 Ensorcelled Hibernation  Hex/Ice        0%           95%         2
 Slow                     Hex            0%           95%         2
 Call Canine Familiar     Summ           0%           99%         3
 Confusing Touch          Hex            0%           99%         3
 Conjure Flame            Conj/Fire      0%           99%         3
 Dazzling Flash           Conj/Hex       0%           99%         3
 Gell's Gravitas          Tloc           0%           99%         3
 Mephitic Cloud           Conj/Pois/Air  0%           99%         3
 Summon Guardian Golem    Hex/Summ       0%           99%         3
 Tukima's Dance           Hex            0%           99%         3
 Petrify                  Tmut/Erth      0%           100%        4
 Summon Ice Beast         Ice/Summ       0%           100%        4
 Summon Lightning Spire   Summ/Air       0%           100%        4
 Metabolic Englaciation   Hex/Ice        0%           100%        5
 Yara's Violent Unravell  Hex/Tmut       0%           100%        5


Dungeon Overview and Level Annotations

Branches:
Dungeon (11/15)            Temple (1/1) D:7            Lair (0/6) D:10
  Sewer (visited)         Ossuary (visited)
    Orc: D:9-12

Altars:
Ashenzari
Cheibriados
Dithmenos
Elyvilon
Fedhas
Gozag
Hepliaklqana
Kikubaaqudgha
Makhleb
Nemelex Xobeh
Okawaru
Qazlal
Ru
Sif Muna
Trog
Uskayaw
Vehumet
Wu Jian
Xom
Yredelemnul
Zin
The Shining One

Annotations:
D:9 3 runed translucent doors, Namnaref's ghost, journeyman GrBe
D:10 3 runed translucent doors, Inarius's ghost, novice BaIE


Innate Abilities, Weirdness & Mutations

You are small and have problems with some larger weapons.
You are somewhat resistant to further mutation.


Message History

You kill the kobold demonologist!
Okawaru is honoured by your kill.
The shadow imp disappears in a puff of smoke!
The white imp disappears in a puff of smoke! x2
You block the kobold demonologist's attack.
The kobold demonologist looks encouraged for a moment.
You hear an angry hiss.
Your life force feels restored.
You feel a strong urge to attack something.
The iron imp barely misses you.
You are no longer berserk.
You are exhausted.
You feel yourself slow down.
The kobold demonologist casts a spell.
The kobold demonologist mumbles some strange words.
The crimson imp grinds its teeth.
The soul eater hits you.
* * * LOW HITPOINT WARNING * * *
You feel drained.
You die...

.....#.#... ..##...
##........... ....?..
###.......## .. .......
#..........# .. .......
#.....†....# .##.......
#.....|.### .KK......
#<).......# ###...5....
##.......####3OKK5§....
#..[........@h.KS.5....
###.......####5KC###...
####..#### #..3.# .
#.....# ......# #######
#####.## ..# ..# ..


You could see a soul eater (summoned), a two-headed ogre, a cyclops, 3 kobold
demonologists, a smoke demon (summoned), a water moccasin, a black bear
(berserk), a big kobold, an iron imp (summoned), a quasit (summoned), a crimson
imp (summoned), a shadow imp (summoned) and a kobold.

Vanquished Creatures
  A two-headed ogre (D:10)
  The ghost of Megustar the Arsonist, a novice DEFE of Vehumet (D:8)
  An elephant (D:10)
  A gargoyle (D:10)
  A kobold demonologist (D:11)
  4 trolls
  Prince Ribbit (D:7)
  A shadow (D:11)
  Sigmund (D:7)
  4 wyverns
  A basilisk (D:10)
  A yak (D:10)
  Eustachio (D:6)
  Grum (D:9)
  Edmund (D:7)
  An ice beast (D:7)
  A phantom (D:8)
  3 black bears
  3 orc warriors
  Purgy (Sewer)
  The ghost of kae the Insei, an amateur DsMo (D:3)
  4 wolves (D:9)
  7 ogres
  5 centaurs
  3 elf zombies (Ossuary)
  7 bullfrogs
  2 elf skeletons (D:4)
  9 scorpions
  6 killer bees
  8 wights
  5 electric eels (D:8)
  3 centaur zombies (Ossuary)
  2 hounds (D:9)
  6 quasits
  6 human zombies (Ossuary)
  4 orc priests
  2 human skeletons (D:4)
  A jelly (D:5)
  6 orc wizards
  2 bullfrog skeletons
  3 centaur skeletons
  A gnoll shaman (D:6)
  2 iguanas
  8 worker ants
  A hound zombie (D:6)
  2 hound skeletons
  3 mummies (Ossuary)
  A worker ant zombie (D:5)
  2 howler monkey zombies
  7 gnolls
  A howler monkey skeleton (D:6)
  15 adders
  A shadow imp (D:8)
  3 white imps
  An ufetubus (D:8)
  2 oozes (D:1)
  An adder skeleton (D:5)
  3 worms
  4 dart slugs
  6 leopard geckos
  40 orcs
  3 ball pythons
  4 giant cockroaches
  8 hobgoblins
  6 jackals
  10 kobolds
  3 quokkas
  16 bats
  6 frilled lizards
  4 goblins
  An orc skeleton (D:4)
  An orc zombie (D:4)
  A quokka zombie (D:6)
  9 rats
298 creatures vanquished.

Vanquished Creatures (others)
  An orc wizard (D:4)
  An adder skeleton (D:8)
  An orc (D:8)
  33 plants (D:8)
36 creatures vanquished.

Grand Total: 334 creatures vanquished

Notes
Turn   | Place    | Note
-------+----------+-------------------------------------------
     0 | D:1      | Borgoz the Halfling Fighter began the quest for the Orb.
     0 | D:1      | Reached XP level 1. HP: 15/15 MP: 1/1
    74 | D:1      | Reached XP level 2. HP: 14/20 MP: 2/2
   288 | D:1      | Reached XP level 3. HP: 26/26 MP: 3/3
   886 | D:2      | Reached XP level 4. HP: 25/31 MP: 4/4
   981 | D:2      | Noticed a black bear
   996 | D:2      | Killed a black bear
   997 | D:2      | Reached skill level 3 in Long Blades
   997 | D:2      | Reached XP level 5. HP: 32/37 MP: 5/5
  1377 | D:3      | Found a glowing silver altar of Zin.
  1405 | D:3      | Found a transporter.
  1433 | D:3      | Noticed kae's ghost (amateur DsMo)
  1435 | D:3      | Noticed an ogre
  1436 | D:3      | Found a transporter.
  1437 | D:3      | Noticed an ogre
  1437 | D:3      | Noticed an ogre
  1484 | D:3      | Reached XP level 6. HP: 33/43 MP: 6/6
  1744 | D:3      | Found an iron altar of Okawaru.
  1771 | D:3      | Became a worshipper of Warmaster Okawaru
  2041 | D:3      | Found a blossoming altar of Fedhas.
  2146 | D:3      | Found a glowing golden altar of the Shining One.
  2184 | D:4      | Reached skill level 4 in Long Blades
  2184 | D:4      | Found a sacrificial altar of Ru.
  2189 | D:4      | Noticed an ogre
  2204 | D:4      | Killed an ogre
  2207 | D:4      | Reached XP level 7. HP: 35/49 MP: 7/7
  2229 | D:4      | Got a jewelled short sword
  2230 | D:4      | Identified the +7 short sword "Uxkuceadgh" {vamp, Fragile
                  | rElec Will++ MP+9} (You found it on level 4 of the Dungeon)
  2367 | D:4      | Found an opulent altar of Gozag.
  2370 | D:4      | Found an ancient bone altar of Kikubaaqudgha.
  2618 | D:4      | Found a sand-covered staircase.
  2783 | Ossuary  | Entered an ossuary
  2852 | Ossuary  | Reached skill level 5 in Fighting
  2852 | Ossuary  | Reached skill level 5 in Long Blades
  2852 | Ossuary  | Reached XP level 8. HP: 23/55 MP: 8/8
  3064 | Ossuary  | Reached * piety under Okawaru
  3065 | Ossuary  | Reached skill level 5 in Armour
  3123 | Ossuary  | Reached skill level 5 in Shields
  3755 | D:4      | Reached skill level 6 in Long Blades
  4062 | D:5      | Entered Level 5 of the Dungeon
  4115 | D:5      | Found a glowing drain.
  4186 | Sewer    | Entered a sewer
  4236 | Sewer    | Noticed Purgy
  4255 | Sewer    | Killed Purgy
  4364 | D:5      | Reached XP level 9. HP: 62/62 MP: 9/9
  4745 | D:6      | Noticed Eustachio
  4818 | D:6      | Killed Eustachio
  4818 | D:6      | Reached ** piety under Okawaru
  5098 | D:6      | Reached skill level 7 in Long Blades
  5491 | D:7      | Got an ancient ring mail
  5502 | D:7      | Identified the +3 ring mail of Cijicall {Will+ Dex-3
                  | Slay+3} (You found it on level 7 of the Dungeon)
  5504 | D:7      | Found a staircase to the Ecumenical Temple.
  5521 | Temple   | Entered the Ecumenical Temple
  5975 | D:7      | Noticed Sigmund
  5985 | D:7      | Killed Sigmund
  6050 | D:7      | Noticed Edmund
  6060 | D:7      | Killed Edmund
  6194 | D:7      | Reached *** piety under Okawaru
  6195 | D:7      | Reached XP level 10. HP: 32/71 MP: 10/10
  6495 | D:7      | Noticed Prince Ribbit
  6500 | D:7      | Killed Prince Ribbit
  6501 | D:7      | Reached skill level 8 in Long Blades
  6781 | D:3      | Killed kae's ghost
  6935 | D:8      | Found a transporter.
  6936 | D:8      | Noticed Megustar's ghost (novice DEFE)
  7023 | D:8      | Reached **** piety under Okawaru
  7741 | D:8      | Found a transporter.
  7858 | D:8      | Reached skill level 9 in Long Blades
  7966 | D:8      | Learned a level 2 spell: Blink
  8290 | D:8      | HP: 3/73 [poisoned by a scorpion]
  8605 | D:8      | Killed Megustar's ghost
  8606 | D:8      | Reached XP level 11. HP: 38/78 MP: 8/11
  9183 | D:9      | Reached skill level 1 in Invocations
  9394 | D:9      | Found a runed translucent gate.
  9423 | D:9      | Noticed Grum
  9442 | D:9      | Killed Grum
  9442 | D:9      | Reached ***** piety under Okawaru
  9892 | D:9      | Found a runed translucent gate.
  9893 | D:9      | Found a runed translucent gate.
  9894 | D:9      | Found an opulent altar of Gozag.
  9897 | D:9      | Noticed Namnaref's ghost (journeyman GrBe)
  9939 | D:10     | Entered Level 10 of the Dungeon
  9939 | D:10     | Noticed a two-headed ogre
  9954 | D:10     | Killed a two-headed ogre
 10198 | D:10     | Reached skill level 10 in Long Blades
 10304 | D:10     | Found a staircase to the Lair.
 10304 | D:10     | Noticed an elephant
 10350 | D:10     | HP: 2/80 [elephant (9)]
 10363 | D:10     | Killed an elephant
 10483 | D:11     | Noticed a boulder beetle
 11019 | D:10     | Noticed a boulder beetle
 11019 | D:10     | Noticed Inarius's ghost (novice BaIE)
 11020 | D:10     | Noticed a boulder beetle
 11020 | D:10     | Noticed an ogre mage
 11028 | D:10     | Found a runed translucent gate.
 11028 | D:10     | Found a runed translucent gate.
 11030 | D:10     | Found a runed translucent gate.
 11243 | D:11     | Noticed a two-headed ogre
 11244 | D:11     | Noticed a soul eater
 11244 | D:11     | Noticed a cyclops
 11247 | D:11     | Noticed a soul eater
 11248 | D:11     | Noticed a soul eater
 11257 | D:11     | HP: 1/81 [soul eater[a kobold demonologist] (4)]
 11257 | D:11     | Slain by a soul eater

Illustrated notes

Levels and vault maps discovered:
D:1:      onia_arrival_mini_maze, layout_loops_cross
D:2:      layout_rooms
D:3:      layout_basic, general_overflow_altar, nicolae_overflow_hidden_temple,
          lemuel_doored_altar, gammafunk_ghost_smash, okawaru_ov_weapons_minmay
D:4:      layout_basic, nicolae_ru_sacrificial_ziggurat,
          chequers_temple_overflow_statue_of_worship,
          nicolae_ossuary_entry_catacombs
D:5:      layout_rooms, cheibrodos_sewer_entry_sluice
D:6:      layout_cave_pools, corexii_checkpoint_b, kennysheep_potato,
          uniq_eustachio
D:7:      layout_rooms, temple_hall, sigmund_edmund_badplayer,
          uniq_prince_ribbit1
D:8:      layout_rooms, serial_bayou, serial_bayou_pond_e, serial_bayou_pond_c,
          serial_bayou_pond_c, serial_bayou_shore_a, serial_bayou_pond_d,
          serial_bayou_pond_a, gammafunk_ghost_stat_death
D:9:      layout_rooms, ebering_ghost_gozag, uniq_grum
D:10:     layout_cave_pools, david_lair_generic, gammafunk_ghost_split
D:11:     nzn_winding_woodlands_three_and_one
          [nzn_winding_woodlands_5x15_split_checker,
          nzn_winding_woodlands_5x15_sidewinder,
          nzn_winding_woodlands_5x15_zeroes,
          nzn_winding_woodlands_center_triple_pond], layout_cave_pools,
          enter_trove_2, uniq_erica
Temple:   nicolae_temple_elliptical

Skill      XL: |  1  2  3  4  5  6  7  8  9 10 11 |
---------------+----------------------------------+-----
Fighting       | 3 4 5 6 7 8 9 |  9.8
Long Blades    | 3 4 5 6 7 9 10 | 10.4
Armour         | 4 5 6 7 8 |  8.8
Shields        | 4 5 6 7 8 |  8.6
Invocations    | 3 |  3.5

Action                   |  1- 3 |  4- 6 |  7- 9 | 10-12 || total
-------------------------+-------+-------+-------+-------++-------
Melee: Long sword        |    80 |   143 |   585 |   297 ||  1105
       Scimitar          |       |       |       |   231 ||   231
Invok: Heroism           |       |       |       |     2 ||     2
Evoke: Wand              |       |       |       |     5 ||     5
  Use: Scroll            |     1 |     7 |    17 |     3 ||    28
       Potion            |       |       |     2 |     8 ||    10
 Stab: Sleeping          |       |     2 |     2 |       ||     4
Armor: Scale mail        |    40 |    71 |    74 |       ||   185
       Ring mail         |       |       |    75 |   220 ||   295
       Troll leather arm |       |       |   124 |   127 ||   251
Dodge: Dodged            |    45 |    85 |   249 |   341 ||   720
Block: Kite shield       |    50 |   107 |   382 |   487 ||  1026
       Rpst.: Long sword |    11 |    20 |    66 |    45 ||   142
       Scimitar          |       |       |       |    35 ||    35

Table legend: (Time is in decaauts)
 A = Elapsed time spent in this place.
 B = Non-inter-level travel time spent in this place.
 C = Inter-level travel time spent in this place.
 D = Time resting spent in this place.
 E = Time spent auto-exploring this place.
 F = Levels seen in this place.
 G = Mean time per level.
                   A        B        C        D        E       F      G
               +--------+--------+--------+--------+--------+-----+--------+
         Total |  11487 |  10751 |    736 |   1721 |   6269 |  14 |  820.5 |
       Dungeon |  10469 |   9757 |    712 |   1468 |   5897 |  11 |  951.7 |
        Temple |    167 |    143 |     24 |      0 |    143 |   1 |  167.0 |
         Sewer |    138 |    138 |      0 |      0 |     38 |   1 |  138.0 |
       Ossuary |    710 |    710 |      0 |    253 |    191 |   1 |  710.0 |
               +--------+--------+--------+--------+--------+-----+--------+

Top non-repeatable levels by time:
     D:8: 2107 daAuts
     D:4: 1414 daAuts
    D:10: 1240 daAuts
     D:3: 971 daAuts
     D:7: 964 daAuts
     D:9: 946 daAuts
     D:1: 895 daAuts
 Ossuary: 710 daAuts
     D:6: 699 daAuts
     D:5: 659 daAuts
     D:2: 499 daAuts
  Temple: 167 daAuts
   Sewer: 138 daAuts
    D:11: 70 daAuts
